 Dungeon Crawl Stone Soup version 0.30-a0-1124-g6e8f0f562f (webtiles) character file.

Game seed: 9888160128733689700

10680 tkbsonic5 the Fighter (level 11, -6/90 HPs)
             Began as a Mummy Gladiator on Apr 12, 2023.
             Was an Elder of Makhleb.
             Killed by divine providence
             ... invoked by a meliai
             ... summoned by a boggart
              (11 damage)
             ... on level 12 of the Dungeon on Apr 23, 2023.
             The game lasted 00:44:54 (9290 turns).

tkbsonic5 the Fighter (Mummy Gladiator)             Turns: 9290, Time: 00:44:55

Health: -6/90      AC: 22    Str: 26    XL:     11   Next: 39%
Magic:  16/16      EV: 10    Int: 13    God:    Makhleb [****..]
Gold:   488        SH:  0    Dex: 21    Spells: 10/10 levels left

rFire   x . .        e - +2 dire flail (venom) {sober mummy}
rCold   + . .        (shield currently unavailable)
rNeg    + + +        g - +3 plate armour
rPois   ∞            j - +2 helmet of the Furies {Str+3 Dex+2, Leyla Bondo, Idiot Corpse}
rElec   .            (no cloak)
rCorr   .            l - +2 pair of gloves
SInv    .            d - +0 pair of boots
Will    +....        (no amulet) Stlth
                     n - +6 ring of dexterity
HPRegen 0.35/turn    h - +6 ring of intelligence
MPRegen 0.15/turn

%: faith
@: no status effects
A: cold resistance 1, negative energy resistance 3, torment resistance 2, heat
vulnerability 1, in touch with death 1, no potions, faith
a: Renounce Religion, Minor Destruction, Lesser Servant of Makhleb, Major
Destruction


You were on level 12 of the Dungeon.
You worshipped Makhleb.
Makhleb was greatly pleased with you.
You visited 1 branch of the dungeon, and saw 12 of its levels.

You collected 563 gold pieces.
You spent 75 gold pieces at shops.

Inventory:

Hand Weapons
 e - a +2 dire flail of venom (weapon) {sober mummy}
 o - a +0 whip of freezing
Missiles
 c - 17 poisoned darts
 m - a javelin
 x - 2 throwing nets
Armour
 d - a +0 pair of boots (worn)
 g - a +3 plate armour (worn)
 j - the +2 helmet of the Furies (worn) {Str+3 Dex+2, Leyla Bondo, Idiot Corpse}
   (You found it on level 7 of the Dungeon)

   Str:       It affects your strength (+3).
   Dex:       It affects your dexterity (+2).
 l - a +2 pair of gloves (worn)
 p - a +2 robe of positive energy
 t - a +2 helmet {Leyla Bondo, Rainbow Corps}
 v - +0 acid dragon scales
Magical Staves
 a - a staff of cold
 i - a staff of fire
 q - a staff of poison
 r - a staff of earth
Jewellery
 h - a +6 ring of intelligence (right hand)
 n - a +6 ring of dexterity (left hand)
 w - a ring of fire
Scrolls
 b - 2 scrolls of identify
 k - a scroll of amnesia
 u - a scroll of magic mapping


   Skills:
 * Level 9.8 Fighting
 * Level 8.4 Maces & Flails
 - Level 2.0 Throwing
 * Level 4.8 Armour
 + Level 5.5 Dodging
 * Level 6.8 Invocations
 - Level 3.2 Evocations


You had 10 spell levels left.
You didn't know any spells.
Your spell library contained the following spells:

 Spells                   Type           Power      Damage    Failure   Level
 Foxfire                  Conj/Fire      0%         2x1d4     99%         1
 Freeze                   Ice            0%         1d3       99%         1
 Kiss of Death            Conj/Necr      0%         2d5       99%         1
 Ensorcelled Hibernation  Hex/Ice        0%         N/A       99%         2
 Confusing Touch          Hex            0%         N/A       100%        3
 Frozen Ramparts          Ice            0%         1d1       100%        3
 Hailstorm                Conj/Ice       0%         3d3       100%        3
 Dispel Undead            Necr           0%         3d6       100%        4
 Summon Ice Beast         Ice/Summ       0%         N/A       100%        4
 Fireball                 Conj/Fire      0%         3d3       100%        5
 Plasma Beam              Fire/Air       0%         2x1d11    100%        6
 Starburst                Conj/Fire      0%         6d3       100%        6
 Polar Vortex             Ice            0%         N/A       100%        9
 Ice Form                 Ice/Tmut       Unusable   N/A       N/A         4

Dungeon Overview and Level Annotations

Branches:
Dungeon (13/15)            Temple (0/1) D:4            Lair (0/5) D:9
    Orc (0/2) D:10
 Vaults: D:13-14

Altars:
Cheibriados
Fedhas
Gozag
Kikubaaqudgha
Makhleb
Nemelex Xobeh
Qazlal
Uskayaw
Wu Jian
Yredelemnul

Shops:
D:5 !*:   D:13 [(

Annotations:
D:2 1 runed translucent door, Crazy Yiuf
D:3 2 transporters
D:9 1 runed translucent door, Joseph
D:12 1 transporter


Innate Abilities, Weirdness & Mutations

You are immune to poison.
Your flesh is cold resistant. (rC+)
You are immune to negative energy. (rN+++)
You are immune to unholy pain and torment.
You are vulnerable to heat. (rF-)
You are in touch with the powers of death.
You do not drink.
You have a special connection with the divine. (Faith)


Message History

The meliai mumbles some strange prayers to its god against you.
Something smites you! The meliai barely misses you. x2
The meliai attacks as you move away! The meliai hits you but does no damage.
The meliai barely misses you. The meliai misses you.
The meliai barely misses you. The meliai hits you but does no damage.
The meliai stings you. The meliai hits you but does no damage.
The meliai barely misses you.
The meliai invokes the aid of its god against you.
Something smites you! The meliai attacks as you move away!
The meliai hits you but does no damage. The meliai stings you.
The meliai hits you with a +0 hand axe.
The meliai stings you but does no damage.
The meliai hits you but does no damage. The meliai closely misses you.
The meliai attacks as you move away! The meliai closely misses you. x2
The meliai hits you with a +0 hand axe.
The meliai stings you but does no damage.
The meliai hits you with a +0 hand axe. The meliai stings you!
* * * LOW HITPOINT WARNING * * *
The meliai closely misses you. The meliai barely misses you. x2
The meliai stings you but does no damage.
Okay, then.
You can't drink.
Okay, then.
A demon appears!
The meliai calls down the wrath of its god upon you.
Something smites you!
* * * LOW HITPOINT WARNING * * *
The meliai hits you but does no damage.
The meliai hits your hellwing with a +0 hand axe!
The meliai stings you.
* * * LOW HITPOINT WARNING * * *
The meliai hits you but does no damage.
The meliai hits your hellwing but does no damage.
The meliai stings you but does no damage.
The meliai hits you but does no damage.
The meliai hits your hellwing with a +0 hand axe.
The meliai stings you but does no damage.
The meliai invokes the aid of its god against you.
Something smites you!
You die...

#.#...'...# ..... #y#...#...#
....... #y#...#...# ......
#.#...#...# ..... #.
#.#...#...###...#
+..#.#####.....#...#
#..#...........#...#
#..#...........#<..#
#..####'########@..#
+..............yyy.# ?
#...............4..## .#.[
#.....).............## ###.##.
.....########........#######..
.....# #........)..©.....
.....# #.................
.....# #.................
.....####+###.................


You could see 3 meliai and a friendly hellwing (summoned).

Vanquished Creatures
  Erica (D:8)
  4 two-headed ogres
  Pikel (D:9)
  2 unseen horrors (D:12)
  2 trolls (D:9)
  Grinder (D:3)
  A queen bee (shapeshifter) (D:12)
  Sigmund (D:5)
  2 shadows (D:9)
  Eustachio (D:6)
  3 yaks (D:10)
  3 acid dragons
  A water moccasin (D:5)
  A sky beast (D:8)
  4 orc warriors
  An ice beast (D:7)
  A black bear (D:7)
  A wolf (D:9)
  4 boggarts (D:12)
  3 ogres
  4 centaurs
  4 lemures (D:9)
  6 bullfrogs
  2 kobold brigands
  3 wights (D:6)
  5 killer bees (D:8)
  3 howler monkeys
  An electric eel (D:9)
  A centaur zombie (D:7)
  9 hounds
  3 jellies
  3 orc priests
  3 sleepcaps
  Jessica (D:2)
  4 iguanas
  Ijyb (D:3)
  Terence (D:2)
  An orc wizard (D:5)
  Natasha (thrice) (D:2)
  A killer bee zombie (D:7)
  A mummy (D:5)
  Robin (D:3)
  4 adders
  A shadow imp (D:5)
  A white imp (D:7)
  27 orcs
  4 bats
  5 endoplasms
  2 giant cockroaches
  8 hobgoblins
  A jackal (D:4)
  18 kobolds
  3 quokkas
  4 ball pythons
  4 frilled lizards
  11 goblins
  A hobgoblin zombie (D:5)
  2 kobold zombies (D:5)
  An orc zombie (D:5)
  4 rats
200 creatures vanquished.

Vanquished Creatures (collateral kills)
  3 yaks (D:10)
  A wyvern (D:9)
  2 wolves (D:9)
  A scorpion (D:4)
  2 hounds (D:9)
  2 adders (D:4)
11 creatures vanquished.

Vanquished Creatures (others)
  7 plants
7 creatures vanquished.

Grand Total: 218 creatures vanquished

Notes
Turn   | Place    | Note
-------+----------+-------------------------------------------
     0 | D:1      | tkbsonic5 the Mummy Gladiator began the quest for the Orb.
     0 | D:1      | Reached XP level 1. HP: 16/16 MP: 1/1
   269 | D:1      | Reached XP level 2. HP: 23/23 MP: 2/2
   963 | D:2      | Noticed Jessica
   971 | D:2      | Noticed Natasha
   986 | D:2      | Killed Natasha
   987 | D:2      | Reached skill level 3 in Fighting
   987 | D:2      | Gained mutation: You are in touch with the powers of death.
                  | [Mummy growth]
   987 | D:2      | Reached XP level 3. HP: 15/29 MP: 3/3
  1063 | D:2      | Noticed Natasha
  1079 | D:2      | Killed Natasha
  1223 | D:2      | Found a runed translucent door.
  1224 | D:2      | Noticed Crazy Yiuf
  1278 | D:2      | Reached XP level 4. HP: 35/35 MP: 4/4
  1315 | D:2      | Killed Jessica
  1382 | D:2      | Noticed Natasha
  1400 | D:2      | Killed Natasha
  1458 | D:2      | Upgraded the game from 0.30-a0-1053-gbd8d5ba0ad to
                  | 0.30-a0-1075-gcd70e7a56d
  1707 | D:3      | Noticed Grinder
  1725 | D:3      | Killed Grinder
  1726 | D:3      | Reached skill level 4 in Fighting
  1726 | D:3      | Reached XP level 5. HP: 33/43 MP: 5/5
  1726 | D:3      | Reached XP level 6. HP: 38/49 MP: 6/6
  1781 | D:3      | Found a transporter.
  1885 | D:3      | Noticed Robin
  1891 | D:3      | Noticed Terence
  1897 | D:3      | Killed Robin
  1989 | D:2      | Killed Terence
  2104 | D:3      | Noticed Ijyb
  2105 | D:3      | Reached skill level 5 in Fighting
  2112 | D:3      | Killed Ijyb
  2153 | D:3      | Found a transporter.
  2177 | D:3      | Found a burning altar of Makhleb.
  2198 | D:3      | Became a worshipper of Makhleb the Destroyer
  2682 | D:4      | Reached XP level 7. HP: 47/56 MP: 7/7
  2688 | D:4      | HP: 1/56 [ogre/+0 giant spiked club (25)]
  2689 | D:4      | Reached * piety under Makhleb
  2874 | D:4      | Found a blossoming altar of Fedhas.
  2901 | D:4      | Reached skill level 5 in Maces & Flails
  3029 | D:4      | Found a staircase to the Ecumenical Temple.
  3286 | D:5      | Entered Level 5 of the Dungeon
  3361 | D:5      | Noticed Sigmund
  3371 | D:5      | Killed Sigmund
  3417 | D:5      | Reached skill level 6 in Fighting
  3461 | D:5      | Found Happutz's Book Shoppe.
  3502 | D:5      | Reached skill level 1 in Armour
  3502 | D:5      | Reached skill level 1 in Evocations
  3538 | D:5      | Found Ollymo's General Store.
  3546 | D:5      | Bought a scroll of enchant weapon for 75 gold pieces
  3588 | D:5      | Reached XP level 8. HP: 64/64 MP: 8/8
  3688 | D:5      | Reached ** piety under Makhleb
  4194 | D:5      | Reached skill level 1 in Invocations
  4260 | D:5      | Found Jawu Dim's Distillery.
  4652 | D:6      | Upgraded the game from 0.30-a0-1075-gcd70e7a56d to
                  | 0.30-a0-1085-g990a428a5c
  4938 | D:6      | Found a snail-covered altar of Cheibriados.
  4938 | D:6      | Found a hide-covered altar of Uskayaw.
  4939 | D:6      | Found an ornate altar of the Wu Jian Council.
  4940 | D:6      | Found an ancient bone altar of Kikubaaqudgha.
  4940 | D:6      | Found a stormy altar of Qazlal.
  4941 | D:6      | Found an opulent altar of Gozag.
  4942 | D:6      | Noticed Eustachio
  4951 | D:6      | Killed Eustachio
  4952 | D:6      | Reached skill level 7 in Fighting
  5189 | D:6      | Reached XP level 9. HP: 72/72 MP: 11/11
  5190 | D:6      | Reached *** piety under Makhleb
  5653 | D:7      | Found a basalt altar of Yredelemnul.
  5699 | D:7      | Identified the +2 helmet of the Furies {Str+3 Dex+2}
  5954 | D:8      | Noticed a two-headed ogre
  5954 | D:8      | Noticed a two-headed ogre
  5968 | D:7      | Killed a two-headed ogre
  5996 | D:8      | Killed a two-headed ogre
  5997 | D:8      | Reached skill level 8 in Fighting
  6132 | D:8      | Noticed Erica
  6137 | D:8      | Killed Erica
  6138 | D:8      | Reached XP level 10. HP: 80/80 MP: 13/13
  6486 | D:8      | Found a sparkling altar of Nemelex Xobeh.
  6628 | D:9      | Noticed a two-headed ogre
  6631 | D:9      | Killed a two-headed ogre
  6632 | D:9      | Reached skill level 5 in Invocations
  6690 | D:9      | Noticed a two-headed ogre
  6781 | D:9      | Reached skill level 9 in Fighting
  7011 | D:9      | Killed a two-headed ogre
  7173 | D:9      | Noticed Pikel
  7281 | D:9      | Killed Pikel
  7282 | D:9      | Reached skill level 5 in Dodging
  7338 | D:9      | Reached **** piety under Makhleb
  7415 | D:9      | Reached XP level 11. HP: 87/89 MP: 15/15
  7421 | D:9      | Found a staircase to the Lair.
  7875 | D:9      | Found a runed translucent door.
  7875 | D:9      | Noticed Joseph
  7888 | D:10     | Entered Level 10 of the Dungeon
  8398 | D:10     | You fall into a shaft and drop 3 floors!
  8498 | D:13     | Found Paruppai's Antique Armour Boutique.
  8498 | D:13     | Found Cautyxewn's Antique Weapon Boutique.
  8534 | D:12     | Upgraded the game from 0.30-a0-1085-g990a428a5c to
                  | 0.30-a0-1124-g6e8f0f562f
  8739 | D:12     | Got Sif Muna's Cyclopedia of Snow
  8869 | D:12     | Noticed a deep elf pyromancer
  9233 | D:12     | Found a transporter.
  9290 | D:12     | Killed from afar by a meliai

Illustrated notes

Levels and vault maps discovered:
D:1:      sevenhm_arrival_forest_fort_small_6, layout_loops_ring,
          minmay_shallow_snake_nest
D:2:      layout_basic, uniq_jessica, uniq_crazy_yiuf_cottage, uniq_natasha
D:3:      gammafunk_steamed_eel, layout_loops_ring, mainiacjoe_overflow_paths,
          uniq_terence, uniq_grinder, uniq_ijyb, uniq_robin
D:4:      layout_basic, fedhas_ov_isle_minmay, minmay_temple_entry_offerings,
          minmay_between
D:5:      layout_basic, serial_shops, shop, shop, nicolae_stop_n_shop_2,
          chequers_decorated_corner, kennysheep_nub, serial_park_tiny_1,
          minmay_mini_ossuary, uniq_sigmund
D:6:      cheibrodos_iron_armory, layout_rooms, nicolae_overflows_in_rows,
          uniq_eustachio
D:7:      layout_loops_cross, lemuel_zombie_altar_yredelemnul
D:8:      layout_cave_pools, nemelex_xobeh_ov_fountains_minmay,
          minmay_misc_feat_iff, uniq_erica
D:9:      gammafunk_indiana_jones, layout_small_grid, erik_lair_island,
          uniq_joseph, uniq_pikel
D:10:     layout_gridville, orc_0_dummy, serial_bayou_pond_d
D:12:     gammafunk_jiyva_shrine, layout_irregular_city,
          pdpol_wu_jian_five_deadly_venoms
D:13:     layout_layer_cave, ebering_ghost_xom,
          nicolae_shop_distant_corner_stores, uniq_lodul

Skill      XL: |  1  2  3  4  5  6  7  8  9 10 |
---------------+-------------------------------+-----
Fighting       | 3 4 5 6 7 8 9 |  9.8
Maces & Flails | 3 4 5 6 7 8 |  8.4
Dodging        | 3 4 5 |  5.5
Throwing       | 2 |  2.0
Armour         | 1 2 3 4 |  4.8
Evocations     | 1 2 3 |  3.2
Invocations    | 2 4 6 |  6.8

Action                     |  1- 3 |  4- 6 |  7- 9 | 10-12 || total
---------------------------+-------+-------+-------+-------++-------
  Melee: Flail             |    71 |    18 |       |       ||    89
         Punch             |     1 |       |       |       ||     1
         Dire flail        |       |    86 |   178 |   191 ||   455
  Throw: Throwing net      |     3 |     2 |       |       ||     5
         Javelin           |     3 |     1 |     2 |       ||     6
         Dart              |       |    11 |    18 |       ||    29
 Invoke: Minor Destruction |       |       |    63 |    79 ||   142
         Lesser Servant of |       |       |       |     6 ||     6
         Major Destruction |       |       |       |     1 ||     1
  Evoke: Wand              |       |    29 |       |       ||    29
    Use: Scroll            |     5 |     3 |    17 |     7 ||    32
   Stab: Held in net/web   |     2 |     1 |       |       ||     3
         Distracted        |       |       |       |     2 ||     2
 Armour: Ring mail         |    12 |       |       |       ||    12
         Chain mail        |    70 |    74 |    18 |       ||   162
         Plate armour      |       |       |   156 |   285 ||   441
  Dodge: Dodged            |    39 |    56 |    74 |   186 ||   355

Table legend: (Time is in decaauts)
 A = Elapsed time spent in this place.
 B = Non-inter-level travel time spent in this place.
 C = Inter-level travel time spent in this place.
 D = Time resting spent in this place.
 E = Time spent auto-exploring this place.
 F = Levels seen in this place.
 G = Mean time per level.
                   A        B        C        D        E       F      G
               +--------+--------+--------+--------+--------+-----+--------+
         Total |   9487 |   9283 |    204 |   1853 |   5479 |  12 |  790.6 |
       Dungeon |   9487 |   9283 |    204 |   1853 |   5479 |  12 |  790.6 |
               +--------+--------+--------+--------+--------+-----+--------+

Top non-repeatable levels by time:
     D:5: 1340 daAuts
     D:9: 1286 daAuts
     D:2: 1030 daAuts
     D:1: 897 daAuts
    D:12: 784 daAuts
     D:7: 774 daAuts
     D:3: 723 daAuts
     D:8: 698 daAuts
     D:4: 689 daAuts
     D:6: 618 daAuts
    D:10: 518 daAuts
    D:13: 123 daAuts
